 Dungeon Crawl Stone Soup version 0.31.0-32-g396128a36d (webtiles) character file.

Game seed: 18298696474883071714

25778 bnorton916 the Devastator (level 12, -1/74 HPs)
             Began as a Deep Elf Fire Elementalist on Apr 13, 2024.
             Was the Champion of Jiyva.
             Slain by a harpy simulacrum (6 damage)
             ... on level 2 of the Abyss on Apr 14, 2024.
             The game lasted 00:37:04 (18635 turns).

bnorton916 the Devastator (DEFE)                   Turns: 18635, Time: 00:37:05

Health: -1/74      AC:  9    Str:  7    XL:     12   Next: 92%
Magic:  25/28      EV: 12    Int: 24    God:    Jiyva [******]
Gold:   364        SH:  0    Dex: 15    Spells: 12/27 levels left

rFire   + . .        (no weapon)
rCold   + + .        (no shield)
rNeg    . . .        i - +2 robe {rF+}
rPois   +            (no helmet)
rElec   .            (no cloak)
rCorr   +            k - +1 pair of gloves
SInv    .            (no boots)
Will    +....        (no amulet)
Stlth   ++++         h - +4 ring of protection
HPRegen 1.60/turn    w - ring of protection from cold
MPRegen 1.01/turn

%: no passive effects
@: slimy, sick
A: thin skeletal structure 2, cold resistance 1, high MP 1, poison resistance,
robust 1, acidic bite, eyeballs 2, pseudopods 3, engulf, [clumsy 2]
a: Renounce Religion, Oozemancy, Slimify


You were on level 2 of the Abyss.
You worshipped Jiyva.
Jiyva was exalted by your worship.
You visited 3 branches of the dungeon, and saw 14 of its levels.
You visited the Abyss 1 time.
You also visited: Sewer and Volcano.

You collected 364 gold pieces.

Inventory:

Missiles
 a - a throwing net
 d - a curare-tipped dart
Armour
 i - a +2 robe of fire resistance (worn)
 k - a +1 pair of gloves (worn)
 q - a +2 robe of cold resistance
Jewellery
 h - a +4 ring of protection (left hand)
 w - a ring of protection from cold (right hand)
 x - an amulet of faith
Wands
 n - a wand of quicksilver (8)
 B - a wand of roots (5)
Scrolls
 e - a scroll of blinking
 f - 3 scrolls of teleportation
 m - 5 scrolls of vulnerability
 o - 5 scrolls of immolation
 v - 2 scrolls of amnesia
 y - 2 scrolls of enchant weapon {unknown}
Potions
 b - 3 potions of magic
 c - a potion of enlightenment
 g - a potion of resistance
 j - a potion of heal wounds {unknown}
 l - 2 potions of attraction
 p - a potion of curing {unknown}
 r - 3 potions of might
 s - a potion of brilliance {unknown}
 t - 4 potions of mutation {unknown}
 z - a potion of haste {unknown}
 A - a potion of cancellation {unknown}


   Skills:
 - Level 5.0 Fighting
 + Level 4.9 Armour
 - Level 2.4 Dodging
 - Level 2.4 Stealth
 - Level 8.4 Spellcasting
 + Level 16.8 Conjurations
 - Level 7.2 Fire Magic
 - Level 7.4 Ice Magic
 - Level 6.7 Air Magic
 - Level 2.1 Alchemy


You had 12 spell levels left.
You knew the following spells:

 Your Spells              Type           Power      Damage    Failure   Level
a - Foxfire               Conj/Fire      100%       2x1d9     1%          1
b - Scorch                Fire           90%        2d8       1%          2
c - Flame Wave            Conj/Fire      62%        2d14      1%          4
d - Mephitic Cloud        Conj/Alch/Air  51%        N/A       1%          3
e - Freezing Cloud        Conj/Ice/Air   28%        6-21      2%          5

Your spell library contained the following spells:

 Spells                   Type           Power      Damage    Failure   Level
 Mercury Vapours          Alch/Air       62%        N/A       1%          2
 Inner Flame              Hex/Fire       27%        N/A       4%          3
 Volatile Blastmotes      Fire/Tloc      54%        2d14      4%          3
 Lesser Beckoning         Tloc           20%        N/A       10%         2
 Gell's Gravitas          Tloc           10%        N/A       19%         3
 Teleport Other           Tloc           10%        N/A       19%         3
 Animate Dead             Necr           10%        N/A       52%         4
 Borgnjor's Vile Clutch   Necr/Erth      5%         N/A       86%         5
 Death Channel            Necr           5%         N/A       100%        6


Dungeon Overview and Level Annotations

Branches:
Dungeon (9/15)             Temple (1/1) D:5            Lair (4/5) D:8
  Swamp (0/4) Lair:2        Snake (0/4) Lair:3        Sewer (visited)
Volcano (visited)
  Slime: Lair:4-5       Orc: D:9-12

Altars:
Ashenzari
Cheibriados
Dithmenos
Elyvilon
Fedhas
Gozag
Hepliaklqana
Kikubaaqudgha
Makhleb
Nemelex Xobeh
Okawaru
Qazlal
Ru
Sif Muna
Trog
Uskayaw
Wu Jian
Xom
Zin
The Shining One
Jiyva

Shops:
D:1 :   D:4 [   D:5 *   D:9 [

Annotations:
D:3 1 transporter, Consumeair16's ghost, amateur GnWn
D:8 3 runed translucent doors, Tripartite's ghost, novice DEHs


Innate Abilities, Weirdness & Mutations

You have a moderately thin skeletal structure. (Dex +4, Stealth++)
Your flesh is cold resistant. (rC+)
You have an increased reservoir of magic. (+10% MP)
Your system is resistant to poisons. (rPois)
You are robust. (+10% HP)
You have acidic saliva.
Your body has grown many eyes which may confuse attackers. (Acc +5)
Armour fits poorly on your massive pseudopods.
Your melee attacks may engulf your foes in ooze.
[You are very clumsy. (Dex -4)]


Message History

The harpy simulacrum claws you but does no damage.
The harpy simulacrum claws you! The harpy simulacrum freezes you. You resist.
The harpy simulacrum claws you but does no damage.
The harpy simulacrum barely misses you.
The harpy simulacrum claws you but does no damage.
The harpy simulacrum claws you! The harpy simulacrum freezes you. You resist.
The harpy simulacrum barely misses you.
The harpy simulacrum closely misses you.
The harpy simulacrum claws you but does no damage.
A crimson imp comes into view.
The harpy simulacrum attacks as it pursues you!
The harpy simulacrum claws you but does no damage. x2
The harpy simulacrum claws you. The harpy simulacrum freezes you. You resist.
The harpy simulacrum claws you. The harpy simulacrum freezes you. You resist.
The harpy simulacrum claws you but does no damage.
The harpy simulacrum closely misses you.
The ancient zyme attacks as it pursues you!
The ancient zyme hits you!
The ancient zyme hits you but does no damage.
The eyeballs on your body gaze at the ancient zyme.
You feel ill.
The harpy simulacrum closely misses you.
The harpy simulacrum barely misses you. The harpy simulacrum claws you.
The harpy simulacrum freezes you. You resist.
* * * LOW HITPOINT WARNING * * *
The harpy simulacrum claws you!
* * * LOW HITPOINT WARNING * * *
The harpy simulacrum freezes you. You resist.
* * * LOW HITPOINT WARNING * * *
Okay, then.
A thick mucus forms on your hands. The harpy simulacrum barely misses you.
The harpy simulacrum claws you but does no damage.
The harpy simulacrum misses you. x2; You feel ill.
The crimson imp shouts!
The harpy simulacrum closely misses you.
The harpy simulacrum claws you.
* * * LOW HITPOINT WARNING * * *
The harpy simulacrum freezes you. You resist.
You die...

#.# .# #.. #. #.# .#
##..##. #.####.#
....... #.#...##
..5.... #.##.#.#
.#.....##...###..#
............# .....
...........#.......##
.......@Z..##........
.#.....#x..#
#.......# ##...###..#
#....### #.... ...#
#.# # ≈~~~. ##.... ..
≈~~~# ##.##. .~~# ##
. ~~.


You could see an ancient zyme (confused), a crimson imp and a harpy simulacrum.

Vanquished Creatures
  A hydra (Lair:2)
  A catoblepas (Lair:3)
  A death yak (Lair:2)
  An occultist (Volcano)
  A bog body (Lair:2)
  Pikel (D:4)
  An orc sorcerer (Volcano)
  4 toenail golems (Volcano)
  6 elephants
  3 black mambas
  2 torpor snails (Lair:2)
  5 cane toads
  2 komodo dragons
  2 rime drakes
  7 blink frogs
  Grinder (D:6)
  5 dream sheep
  Sigmund (D:3)
  18 yaks
  5 wyverns
  4 humans (Volcano)
  4 basilisks (Lair:1)
  A steam dragon (D:8)
  A swamp worm (Lair:2)
  3 nagas (Lair:3)
  8 water moccasins
  2 black bears
  3 orc warriors (D:8)
  4 ice beasts
  19 wolves
  A phantom (D:6)
  2 kobold brigands (Sewer)
  3 gnoll sergeants
  2 scorpions
  7 bullfrogs
  2 howler monkeys
  3 electric eels (Lair:2)
  3 bombardier beetles
  A hound (D:5)
  A jelly (Volcano)
  2 iguanas
  7 orc wizards
  2 sleepcaps
  10 gnolls
  14 adders
  A shadow imp (D:7)
  2 ufetubi (D:5)
  5 dart slugs
  16 orcs
  7 bats
  2 endoplasms (D:1)
  11 giant cockroaches
  15 goblins
  11 hobgoblins
  3 jackals (D:1)
  15 kobolds
  9 quokkas
  10 ball pythons
  6 frilled lizards
  8 rats
298 creatures vanquished.

Vanquished Creatures (collateral kills)
  A catoblepas (Lair:3)
  A two-headed ogre (D:7)
  2 manticores (Lair:3)
  A torpor snail (Lair:3)
  2 komodo dragons (Lair:3)
  A wolf (Lair:3)
  8 foxfires
16 creatures vanquished.

Vanquished Creatures (others)
  A blink frog (Lair:3)
  A yak (Lair:1)
  A steam dragon (Lair:3)
  A water moccasin (Lair:1)
  A sky beast (D:7)
  A centaur (D:7)
  3 wolves
  2 lemures (D:4)
  A phantom (D:7)
  A kobold brigand (D:8)
  3 bullfrogs
  A scorpion (D:5)
  2 hounds (D:5)
  A bombardier beetle (D:4)
  70 jellies
  3 orc priests
  An iguana (D:6)
  A sleepcap (D:5)
  An orc wizard (D:4)
  3 gnolls
  2 adders (D:5)
  2 ufetubi (D:6)
  2 dart slugs
  8 orcs
  3 giant cockroaches
  A goblin (D:3)
  A quokka (D:3)
  3 ball pythons
  A bat (D:3)
  8 kobolds
  720 foxfires
  3 starspawn tentacles (Abyss:2)
853 creatures vanquished.

Grand Total: 1167 creatures vanquished

Notes
Turn   | Place    | Note
-------+----------+-------------------------------------------
     0 | D:1      | bnorton916 the Deep Elf Fire Elementalist began the quest
                  | for the Orb.
     0 | D:1      | Reached XP level 1. HP: 10/10 MP: 6/6
   243 | D:1      | Reached XP level 2. HP: 15/15 MP: 2/8
   424 | D:1      | Found Quzups's Book Emporium.
   628 | D:1      | Reached skill level 2 in Conjurations
   740 | D:1      | Reached XP level 3. HP: 19/19 MP: 6/10
  1332 | D:2      | Learned a level 2 spell: Scorch
  1842 | D:2      | Reached XP level 4. HP: 24/24 MP: 9/12
  1973 | D:2      | Found a faded altar of an unknown god.
  1978 | D:2      | Prayed at the altar of an unknown god.
  1978 | D:2      | Became a worshipper of Jiyva Jowko the Shapeless
  1978 | D:2      | Reached * piety under Jiyva
  2519 | D:3      | Reached skill level 3 in Conjurations
  2554 | D:3      | Reached ** piety under Jiyva
  2621 | D:3      | Reached XP level 5. HP: 28/28 MP: 14/14
  3023 | D:3      | Found a transporter.
  3026 | D:3      | Noticed an ogre
  3027 | D:3      | Noticed an ogre
  3028 | D:3      | Identified the +7 dire flail "Rainwarph" {protect, rF+}
  3028 | D:3      | Noticed an ogre
  3028 | D:3      | Noticed Consumeair16's ghost (amateur GnWn)
  3165 | D:3      | Noticed Sigmund
  3176 | D:3      | Killed Sigmund
  3177 | D:3      | Reached skill level 5 in Spellcasting
  3177 | D:3      | Reached skill level 5 in Fire Magic
  3177 | D:3      | Reached XP level 6. HP: 32/32 MP: 14/16
  3294 | D:3      | Reached skill level 4 in Conjurations
  3541 | D:4      | Noticed Pikel
  3852 | D:4      | Reached XP level 7. HP: 36/36 MP: 18/18
  3881 | D:4      | Found a shimmering altar of Xom.
  3889 | D:4      | Found a hazy altar of Hepliaklqana.
  3889 | D:4      | Noticed a will-o-the-wisp
  3890 | D:4      | Noticed a will-o-the-wisp
  3890 | D:4      | Noticed a spectral ugly thing
  3924 | D:4      | Found a glowing drain.
  3942 | Sewer    | Entered a sewer
  4005 | Sewer    | Reached *** piety under Jiyva
  4058 | Sewer    | Reached skill level 5 in Conjurations
  4521 | D:4      | Gained mutation: You have acidic saliva. [Jiyva's grace]
  4521 | D:4      | Gained mutation: Your mind is acute. (Int +4, Str/Dex -1)
                  | [Jiyva's grace]
  4521 | D:4      | Gained mutation: Your mind is very acute. (Int +8, Str/Dex
                  | -2) [Jiyva's grace]
  4521 | D:4      | Gained mutation: You have a pair of small horns on your
                  | head. [Jiyva's grace]
  4523 | D:4      | Killed Pikel
  4524 | D:4      | Reached skill level 6 in Conjurations
  4524 | D:4      | Reached XP level 8. HP: 32/41 MP: 20/22
  4559 | D:4      | Found Pikumew's Armour Boutique.
  4559 | D:4      | Noticed an animated crystal plate armour
  4559 | D:4      | Noticed an animated shadow dragon scales
  4838 | D:4      | Identified the maw talisman of Surprise {rN+ Str+2 Dex-2}
  5072 | D:4      | Found a bloodstained altar of Trog.
  5117 | D:5      | Entered Level 5 of the Dungeon
  5150 | D:5      | Reached **** piety under Jiyva
  5172 | D:5      | Found Hiadibil's Assorted Antiques.
  5239 | D:5      | Found Xaried's Fire Supplies.
  5386 | D:5      | Learned a level 4 spell: Flame Wave
  5390 | D:5      | Learned a level 3 spell: Mephitic Cloud
  5396 | D:5      | Learned a level 5 spell: Freezing Cloud
  5539 | D:5      | Found a staircase to the Ecumenical Temple.
  5556 | Temple   | Entered the Ecumenical Temple
  5733 | D:5      | Found a sacrificial altar of Ru.
  6031 | D:6      | Reached skill level 1 in Ice Magic
  6031 | D:6      | Reached skill level 1 in Air Magic
  6031 | D:6      | Reached skill level 1 in Alchemy
  6048 | D:6      | Reached ***** piety under Jiyva
  6286 | D:6      | Noticed Grinder
  6307 | D:6      | Killed Grinder
  6308 | D:6      | Reached skill level 7 in Conjurations
  6730 | D:6      | Lost mutation: You have a pair of small horns on your head.
                  | [Jiyva's grace]
  6730 | D:6      | Lost mutation: You have acidic saliva. [Jiyva's grace]
  6730 | D:6      | Gained mutation: You are robust. (+10% HP) [Jiyva's grace]
  6730 | D:6      | Gained mutation: You are very robust. (+20% HP) [Jiyva's
                  | grace]
  6730 | D:6      | Gained mutation: You are extremely robust. (+30% HP)
                  | [Jiyva's grace]
  6730 | D:6      | Gained mutation: Your flesh is cold resistant. (rC+)
                  | [Jiyva's grace]
  7391 | D:7      | Reached XP level 9. HP: 58/58 MP: 20/23
  7725 | D:7      | Found a blossoming altar of Fedhas.
  7987 | D:8      | Noticed a rime drake
  7998 | D:8      | Noticed a two-headed ogre
  8003 | D:7      | Killed a rime drake
  8004 | D:7      | Reached skill level 8 in Conjurations
  8309 | D:7      | Killed a two-headed ogre
  8310 | D:7      | Reached skill level 5 in Ice Magic
  8310 | D:7      | Reached skill level 5 in Air Magic
  8544 | D:8      | Found a flagged portal.
  8723 | D:8      | Found a staircase to the Lair.
  8737 | D:8      | Reached skill level 9 in Conjurations
  8783 | D:8      | Reached XP level 10. HP: 59/65 MP: 21/24
  9275 | D:8      | Found a broken altar of Ashenzari.
  9321 | D:8      | Found a runed translucent gate.
  9322 | D:8      | Found a runed translucent gate.
  9322 | D:8      | Noticed Tripartite's ghost (novice DEHs)
  9323 | D:8      | Found a runed translucent gate.
  9989 | D:8      | Gained mutation: Your melee attacks may engulf your foes in
                  | ooze. [Jiyva's grace]
  9989 | D:8      | Gained mutation: You have a somewhat thin skeletal
                  | structure. (Dex +2, Stealth+) [Jiyva's grace]
  9989 | D:8      | Gained mutation: You have a moderately thin skeletal
                  | structure. (Dex +4, Stealth++) [Jiyva's grace]
  9989 | D:8      | Gained mutation: You have an unnaturally thin skeletal
                  | structure. (Dex +6, Stealth+++) [Jiyva's grace]
  9998 | D:8      | Reached ****** piety under Jiyva
 10281 | D:9      | Found Zuvve's Armour Emporium.
 10381 | Lair:1   | Entered Level 1 of the Lair of Beasts
 10461 | Lair:1   | Noticed a cane toad
 10468 | Lair:1   | Killed a cane toad
 10470 | Lair:1   | Reached skill level 1 in Armour
 10586 | Lair:1   | Noticed a cane toad
 10682 | Lair:1   | Killed a cane toad
 11284 | Lair:1   | Reached skill level 10 in Conjurations
 11487 | Lair:1   | Noticed a black mamba
 11492 | Lair:1   | Killed a black mamba
 11493 | Lair:1   | Reached skill level 1 in Fighting
 11611 | Lair:1   | Reached XP level 11. HP: 74/74 MP: 16/25
 11937 | Lair:1   | Reached skill level 11 in Conjurations
 12605 | Lair:2   | Noticed a seven-headed hydra
 12615 | Lair:2   | Killed a seven-headed hydra
 12620 | Lair:2   | Noticed a death yak
 12909 | Lair:2   | Killed a death yak
 13244 | Lair:2   | Lost mutation: Your mind is very acute. (Int +8, Str/Dex
                  | -2) [Jiyva's grace]
 13244 | Lair:2   | Lost mutation: You are extremely robust. (+30% HP) [Jiyva's
                  | grace]
 13244 | Lair:2   | Lost mutation: You are very robust. (+20% HP) [Jiyva's
                  | grace]
 13244 | Lair:2   | Gained mutation: Your system is resistant to poisons.
                  | (rPois) [Jiyva's grace]
 13244 | Lair:2   | Gained mutation: You have acidic saliva. [Jiyva's grace]
 13244 | Lair:2   | Gained mutation: Your body has grown eyes which may confuse
                  | attackers. (Acc +3) [Jiyva's grace]
 13244 | Lair:2   | Gained mutation: Your body has grown many eyes which may
                  | confuse attackers. (Acc +5) [Jiyva's grace]
 13294 | Lair:2   | Reached skill level 5 in Fighting
 13294 | Lair:2   | Reached skill level 12 in Conjurations
 13819 | Lair:2   | Noticed a bog body
 13821 | Lair:2   | Found a staircase to the Swamp.
 13826 | Lair:2   | Killed a bog body
 14155 | Lair:2   | Reached skill level 13 in Conjurations
 14716 | Lair:3   | Noticed a catoblepas
 14716 | Lair:3   | Noticed a catoblepas
 15391 | Lair:3   | Reached XP level 12. HP: 74/74 MP: 21/26
 15427 | Lair:3   | Killed a catoblepas
 15428 | Lair:3   | Reached skill level 14 in Conjurations
 15449 | Lair:3   | Killed a catoblepas
 16070 | Lair:3   | Reached skill level 15 in Conjurations
 17068 | Lair:3   | Found a staircase to the Snake Pit.
 17341 | Lair:4   | Found a dark tunnel.
 17389 | Lair:3   | Reached skill level 16 in Conjurations
 17865 | Volcano  | Entered a volcano
 17867 | Volcano  | Lost mutation: You have an unnaturally thin skeletal
                  | structure. (Dex +6, Stealth+++) [Jiyva's grace]
 17867 | Volcano  | Lost mutation: Your mind is acute. (Int +4, Str/Dex -1)
                  | [Jiyva's grace]
 17867 | Volcano  | Gained mutation: Armour fits poorly on your pseudopods.
                  | [Jiyva's grace]
 17867 | Volcano  | Gained mutation: Armour fits poorly on your large
                  | pseudopods. [Jiyva's grace]
 17867 | Volcano  | Gained mutation: Armour fits poorly on your massive
                  | pseudopods. [Jiyva's grace]
 17867 | Volcano  | Gained mutation: You have an increased reservoir of magic.
                  | (+10% MP) [Jiyva's grace]
 18254 | Volcano  | Was placed under penance by Jiyva
 18444 | Abyss:2  | Cast into level 2 of the Abyss (an occultist)
 18454 | Abyss:2  | Was forgiven by Jiyva
 18474 | Abyss:2  | Noticed a tentacled starspawn
 18490 | Abyss:2  | Noticed a lich
 18548 | Abyss:2  | Noticed a starcursed mass
 18635 | Abyss:2  | Slain by a harpy simulacrum

Illustrated notes

Levels and vault maps discovered:
D:1:      minmay_arrival_doors, layout_loops_ring, serial_shops, shop,
          kennysheep_pointless_box, chequers_garden, patterned_corridor
D:2:      layout_loops_cross, ebering_ecumenical_altar_hall,
          hangedman_decor_peaks_small
D:3:      cheibrodos_greedy_goblins, layout_basic, gammafunk_ghost_smash,
          minmay_starry_boxes, uniq_sigmund
D:4:      minmay_spotlight, layout_rooms, regret_index_temple_of_mockery,
          lightli_temple_of_fire, serial_shops, nicolae_shop_mannequins,
          gup_sewer_entry_pipe, nicolae_kite_square_tiling_tiny,
          kennysheep_generic_room_3, uniq_pikel
D:5:      layout_loops_cross, lemuel_round_altar,
          minmay_temple_entry_drinking_statues, serial_shops, shop,
          nicolae_shop_fire_sale [nicolae_sub_dead_trees],
          minmay_fractal_squares_5
D:6:      layout_cave_pools, uniq_grinder
D:7:      layout_loops_cross, lemuel_crystal_altar
D:8:      layout_basic, ashenzari_conservatory_becter, hellmonk_lair_entry_icy,
          enter_bailey_2, gammafunk_ghost_nasty_kobolds,
          hangedman_abyss_or_decor_stabs, minmay_misc_feat_secret_circle
D:9:      layout_basic, serial_shops, shop, nicolae_shop_vocational
Temple:   jpeg_temple_clearing
Lair:1:   layout_regular_city, grunt_megastairs_4
Lair:2:   layout_regular_city, nicolae_swamp_entry_splash_gauntlet,
          infiniplex_staircase_pool
Lair:3:   nzn_motion_control, layout_chaotic_city, nicolae_snake_entry_squirm,
          grunt_megastairs_3, lemuel_fruit_tree
Lair:4:   layout_gridlike, nicolae_volcano_entry_lava_flow, basic_altar,
          serial_bayou_shore_b, grunt_megastairs_5, uniq_rupert
Abyss:2:  base: D:5, evilmike_abyss_exit_1
Volcano:  volcano_bunker

Skill      XL: |  1  2  3  4  5  6  7  8  9 10 11 12 |
---------------+-------------------------------------+-----
Conjurations   | 2 3 4 6 7 9 10 13 16 | 16.8
Spellcasting   | 4 5 6 8 |  8.4
Fire Magic     | 4 5 7 |  7.2
Ice Magic      | 2 6 7 |  7.4
Air Magic      | 2 5 6 |  6.7
Alchemy        | 2 |  2.1
Armour         | 3 4 |  4.9
Fighting       | 2 5 |  5.0
Dodging        | |  2.4
Stealth        | |  2.4

Action                     |  1- 3 |  4- 6 |  7- 9 | 10-12 || total
---------------------------+-------+-------+-------+-------++-------
  Melee: Unarmed           |       |       |     1 |    14 ||    15
         Bite              |       |       |       |     1 ||     1
         Pseudopods        |       |       |       |     1 ||     1
   Cast: Foxfire           |    93 |   120 |   178 |    50 ||   441
         Scorch            |     1 |    16 |    58 |    96 ||   171
         Mephitic Cloud    |       |       |     4 |       ||     4
         Flame Wave        |       |       |     5 |     4 ||     9
         Freezing Cloud    |       |       |     3 |    99 ||   102
 Invoke: Slimify           |       |       |       |     1 ||     1
  Evoke: Wand              |       |       |     2 |       ||     2
    Use: Potion            |       |       |     4 |       ||     4
         Scroll            |       |       |     6 |     4 ||    10
 Armour: Robe              |     9 |    33 |   110 |   197 ||   349
         Skin              |       |       |    10 |       ||    10
  Dodge: Dodged            |    11 |    25 |    93 |   145 ||   274
